 Dungeon Crawl Stone Soup version 0.23.2-40-g277498a001 (webtiles) character file.

Game seed: 532705534061631832

77 ANON1729 the Vandal (level 4, -7/30 HPs)
             Began as a Halfling Hunter on Oct 20, 2019.
             Killed by divine providence
             ... invoked by an orc priest
              (11 damage)
             ... on level 3 of the Dungeon.
             The game lasted 00:04:14 (2184 turns).

ANON1729 the Vandal (Halfling Hunter)               Turns: 2184, Time: 00:04:14

Health: -7/30      AC:  9    Str: 13    XL:     4   Next: 58%
Magic:  4/4        EV:  9    Int:  9    God:
Gold:   105        SH:  0    Dex: 15    Spells: 3/3 levels left

rFire    . . .     SeeInvis .   b - +0 short sword
rCold    . . .     Gourm    .   (shield restricted)
rNeg     . . .     Faith    .   h - +0 chain mail
rPois    .         Spirit   .   s - +0 helmet
rElec    .         Reflect  .   (no cloak)
rCorr    +         Harm     .   (no gloves)
MR       .....                  (no boots)
Stlth    ..........             k - amulet of inaccuracy (curse)
HPRegen  0.10/turn              q - ring of resist corrosion
MPRegen  0.09/turn              (no ring)

@: no status effects
A: small, mutation resistance 1
a: no special abilities


You were on level 3 of the Dungeon.
You were not hungry.

You visited 1 branch of the dungeon, and saw 3 of its levels.

You collected 105 gold pieces.

Inventory:

Hand Weapons
 a - a +1 hunting sling
 b - a +0 short sword (weapon)
 g - a +0 club
Missiles
 d - 17 sling bullets
 i - 74 stones (quivered)
Armour
 c - a +0 leather armour
 h - a +0 chain mail (worn)
 s - a +0 helmet (worn)
Jewellery
 k - a cursed amulet of inaccuracy (around neck)
 q - a ring of resist corrosion (left hand)
 y - an uncursed amulet of regeneration
Scrolls
 l - a scroll of enchant weapon
 m - a scroll of remove curse {unknown}
 o - a scroll of enchant armour {unknown}
 p - a scroll of teleportation
 u - a scroll of random uselessness {unknown}
 v - 2 scrolls of blinking
Potions
 e - a potion of flight {unknown}
 j - 2 potions of heal wounds {unknown}
 n - a potion of agility {unknown}
 r - 2 potions of curing {unknown}
 w - a potion of lignification {unknown}
Comestibles
 f - 6 rations
 x - a chunk of flesh


   Skills:
 * Level 2.5 Fighting
 + Level 1.0 Short Blades
 * Level 6.5 Slings
 + Level 3.0 Dodging
 + Level 2.1 Stealth


You had 3 spell levels left.
You didn't know any spells.
Your spell library was empty.

Dungeon Overview and Level Annotations

Branches:
Dungeon (3/15)

Altars:
Nemelex Xobeh


Innate Abilities, Weirdness & Mutations

You are small and have problems with some larger weapons.
You are somewhat resistant to further mutation.


Message History

Wield which item (- for none, * to show all)? (? for menu, Esc to quit)
b - a +0 short sword (weapon)
Your chain mail prevents you from hitting the orc priest.
The orc priest is lightly wounded.
The orc priest hits you with a +0 flail.
You miss the orc priest.
The orc priest is lightly wounded.
The orc priest hits you with a +0 flail.
You miss the orc priest.
The orc priest is lightly wounded.
The orc priest looks encouraged for a moment.
Your chain mail prevents you from hitting the orc priest.
The orc priest is lightly wounded.
The orc priest hits you with a +0 flail!
* * * LOW HITPOINT WARNING * * *
You hit the orc priest but do no damage.
The orc priest is lightly wounded.
The orc priest invokes the aid of Beogh against you.
Beogh smites you!
You die...

## .. .# #.####
#. ##### .....#
##..##o@.##.....#
.(.(((.#)<)....(#
###(##...##.....#
.. ##### .....# #
##.#.# .# # . .
.#


You could see an orc priest.

Vanquished Creatures
  An adder (D:2)
  5 dart slugs
  3 orcs (D:3)
  8 bats
  4 giant cockroaches
  7 hobgoblins
  5 frilled lizards (D:1)
  7 goblins
  9 kobolds
  5 rats
54 creatures vanquished.

Notes
Turn   | Place    | Note
-------+----------+-------------------------------------------
     0 | D:1      | ANON1729 the Halfling Hunter began the quest for the Orb.
     0 | D:1      | Reached XP level 1. HP: 14/14 MP: 1/1
    27 | D:1      | Reached skill level 6 in Slings
    27 | D:1      | Reached XP level 2. HP: 19/19 MP: 2/2
   289 | D:1      | Reached XP level 3. HP: 20/24 MP: 3/3
  1223 | D:2      | Reached XP level 4. HP: 12/30 MP: 4/4
  1945 | D:2      | Found a sparkling altar of Nemelex Xobeh.
  2158 | D:3      | Reached skill level 1 in Short Blades
  2184 | D:3      | Killed from afar by an orc priest

Skill      XL: |  1  2  3  4 |
---------------+-------------+-----
Slings         | 6 |  6.5
Fighting       | 2 |  2.5
Stealth        | 2 |  2.1
Dodging        | 3 |  3.0
Short Blades   | 1 |  1.0

Action                   |  1- 3 |  4- 6 || total
-------------------------+-------+-------++-------
Melee: Short sword       |   106 |     9 ||   115
 Fire: Hunting sling     |    23 |    69 ||    92
  Use: Scroll            |       |     4 ||     4
 Stab: Sleeping          |     3 |       ||     3
  Eat: Chunk             |     1 |     3 ||     4
Armor: Leather armour    |    16 |     2 ||    18
       Chain mail        |       |    15 ||    15
Dodge: Dodged            |    81 |    11 ||    92
